 Dungeon Crawl Stone Soup version 0.28.0-43-g3370ac3207 (webtiles) character file.

Game seed: 2079253456033138763

36 KittyFluff the Skirmisher (level 3, -1/43 HPs)
             Began as a Demonspawn Berserker on Mar 8, 2022.
             Was a Follower of Trog.
             Succumbed to an adder's poison
             ... on level 2 of the Dungeon.
             The game lasted 00:04:39 (1057 turns).

KittyFluff the Skirmisher (Demonspawn Berserker)    Turns: 1057, Time: 00:04:40

Health: -1/43      AC:  3    Str: 17    XL:     3   Next: 19%
Magic:  3/3        EV: 12    Int:  8    God:    Trog [*.....]
Gold:   32         SH:  0    Dex: 14    Spells: 2/2 levels left

rFire   . . .      SeeInvis .   a - +0 mace
rCold   . . .      Faith    .   (no shield)
rNeg    . . .      Spirit   .   f - +0 robe
rPois   .          Reflect  .   (no helmet)
rElec   .          Harm     .   (no cloak)
rCorr   .          Rampage  .   (no gloves)
Will    .....                   c - +0 pair of boots
Stlth   ..........              (no amulet)
HPRegen 0.14/turn               (no ring)
MPRegen 0.08/turn               (no ring)

@: berserking, lethally poisoned (-1 -> -17), very quick
A: powered by pain 1
a: Renounce Religion, Berserk


You were on level 2 of the Dungeon.
You worshipped Trog.
Trog was aware of your devotion.
You visited 1 branch of the dungeon, and saw 2 of its levels.

You collected 32 gold pieces.

Inventory:

Hand Weapons
 a - a +0 mace (weapon)
 e - a +0 hunting sling
Armour
 b - a +0 leather armour
 c - a +0 pair of boots (worn)
 f - a +0 robe (worn)
 g - a +0 ring mail
Scrolls
 d - a scroll of fog {unknown}
Potions
 h - 2 potions of curing {unknown}


   Skills:
 + Level 3.4 Fighting
 + Level 3.2 Maces & Flails
 * Level 2.0 Armour
 * Level 2.1 Dodging


You had 2 spell levels left.
You didn't know any spells.
Your spell library was empty.

Dungeon Overview and Level Annotations

Branches:
Dungeon (1/15)

Altars:
Wu Jian


Innate Abilities, Weirdness & Mutations

You sometimes gain a little power by taking damage.


Message History

Found 13 gold pieces.
The adder bites you.
You are poisoned.
The adder poisons you! The adder bites you but does no damage.
You see here a +0 dagger.
You closely miss the adder.
You feel sick. The adder bites you.
You barely miss the adder.
You feel sick. The adder bites you.
You are more poisoned.
The adder poisons you! The adder barely misses you.
You hit the adder.
The adder is heavily wounded.
You feel sick. The adder misses you. The adder closely misses you.
You miss the adder.
The adder is heavily wounded.
You feel sick. The adder bites you.
You are lethally poisoned!
The adder poisons you!
You barely miss the adder.
The adder is heavily wounded.
* * * LOW HITPOINT WARNING * * *
You feel very sick. The adder bites you but does no damage.
The adder bites you.
* * * LOW HITPOINT WARNING * * *
You are more poisoned.
The adder poisons you!
A red film seems to cover your vision as you go berserk!
You feel yourself moving faster!
You feel mighty!
* * * LOW HITPOINT WARNING * * *
You feel very sick. The adder misses you.
You barely miss the adder.
The adder is heavily wounded.
* * * LOW HITPOINT WARNING * * *
You feel sick. The adder bites you.
* * * LOW HITPOINT WARNING * * *
You are more poisoned.
The adder poisons you!
You sock the adder!
You kill the adder!
Trog accepts your kill.
You die...

#....$......##
##.........!...
..............#
#.............#
#.............#
#.............#
#.............#
.......@†.....#
##............##########
##.....................
###########>..........
############ ##########
#......... #.########
#.# #....


There were no monsters in sight!

Vanquished Creatures
  2 adders (D:2)
  A ball python (D:1)
  4 bats (D:1)
  3 endoplasms (D:2)
  A giant cockroach (D:2)
  5 goblins (D:2)
  A hobgoblin (D:2)
  3 kobolds
  A quokka (D:2)
  A frilled lizard (D:1)
  2 rats
24 creatures vanquished.

Notes
Turn   | Place    | Note
-------+----------+-------------------------------------------
     0 | D:1      | KittyFluff the Demonspawn Berserker began the quest for the
                  | Orb.
     0 | D:1      | Reached XP level 1. HP: 18/18 MP: 1/1
   376 | D:1      | Gained mutation: You sometimes gain a little power by
                  | taking damage. [demonic ancestry]
   376 | D:1      | Reached XP level 2. HP: 24/24 MP: 2/2
   412 | D:1      | You fall into a shaft and drop 1 floor!
   782 | D:2      | Found an ornate altar of the Wu Jian Council.
  1009 | D:2      | Reached XP level 3. HP: 28/29 MP: 3/3
  1057 | D:2      | Succumbed to an adder's poison

Illustrated notes

Levels and vault maps discovered:
D:1:      minmay_arrival_four_loops, layout_basic
D:2:      layout_basic, minmay_hexomino_r4

Skill      XL: |  1  2 |
---------------+-------+-----
Dodging        | 2 |  2.1
Maces & Flails | 3 |  3.2
Armour         | 2 |  2.0
Fighting       | |  3.4

Action                   || total
-------------------------++-------
Melee: Mace              ||    74
       Punch             ||     1
Invok: Berserk           ||     1
Armor: Animal skin       ||     9
       Robe              ||     8
Dodge: Dodged            ||    49
